 Dungeon Crawl Stone Soup version 0.16.1-18-g436b03c (webtiles) character file.

154 JustSomeDude the Sneak (level 5, -2/46 HPs)
             Began as a Naga Assassin on Mar 31, 2015.
             Was an Initiate of Nemelex Xobeh.
             Killed from afar by Trafet's ghost (7 damage)
             ... with a flame tongue
             ... on level 3 of the Dungeon on Apr 27, 2015.
             The game lasted 00:17:38 (2517 turns).

JustSomeDude the Sneak (Naga Assassin)              Turns: 2517, Time: 00:17:38

Health: -2/46      AC:  5    Str: 13    XL:     5   Next: 36%
Magic:  5/5        EV:  9    Int: 12    God:    Nemelex Xobeh [......]
Gold:   121        SH:  0    Dex: 13    Spells: 0 memorised, 4 levels left

rFire  . . .     SeeInvis +     a - +2 dagger
rCold  . . .     Clarity  .     r - +1 leather armour
rNeg   . . .     SustAb   .     (no shield)
rPois  +         Gourm    .     (no helmet)
rElec  .         Spirit   .     d - +0 cloak
rCorr  .         Warding  .     (no gloves)
rMut   .         Stasis   .     (no barding)
MR     .....                    (no amulet)
Stlth  ++++......               (no ring)
                                (no ring)

@: very slow, not resistant to hostile enchantments, stealthy
A: spit poison, see invisible, deformed body, poison resistance, slowness 2, AC
+1
a: Spit Poison, Renounce Religion


You were on level 3 of the Dungeon.
You worshipped Nemelex Xobeh.
Nemelex Xobeh was noncommittal.
You were not hungry.

You visited 1 branch of the dungeon, and saw 3 of its levels.

You collected 121 gold pieces.

Inventory:

Hand weapons
 a - a +2 dagger (weapon)
 b - a +0 blowgun
 n - a +2 long sword of holy wrath
Missiles
 e - 8 poisoned needles
 f - 2 curare-tipped needles
Armour
 c - a +0 robe
 d - a +0 cloak (worn)
 r - a +1 leather armour (worn)
 x - a +3 chain mail of positive energy
Jewellery
 l - an uncursed ring of protection from cold
 t - an uncursed ring of protection from fire
Magical devices
 p - a wand of teleportation (7)
Scrolls
 i - 3 scrolls of identify
 j - 2 scrolls of teleportation
 q - a scroll of remove curse
 u - a scroll of fear
 v - a scroll of enchant armour
 y - a scroll of amnesia {unknown}
Potions
 h - a potion of restore abilities {unknown}
 m - a potion of cancellation {unknown}
 w - 2 potions of brilliance {unknown}
 z - a potion of curing {unknown}
Comestibles
 g - 2 bread rations
 k - 2 beef jerkies
 o - a meat ration
 s - a slice of pizza


   Skills:
 + Level 2.6 Fighting
 + Level 2.0 Short Blades
 + Level 2.3 Throwing
 + Level 1.0 Armour
 + Level 1.8 Dodging
 + Level 7.9 Stealth


You had 4 spell levels left.
You didn't know any spells.

Dungeon Overview and Level Annotations

Branches:
Dungeon (3/15)

Altars:
Kikubaaqudgha
Nemelex Xobeh

Annotations:
D:3 Trafet's ghost, average HaFE


Innate Abilities, Weirdness & Mutations

You cannot wear boots.
You can spit poison.
Your serpentine skin is tough (AC +1).
You have supernaturally acute eyesight.
Armour fits poorly on your strangely shaped body.
Your system is resistant to poisons.
You cover ground very slowly.


Message History

Trafet's ghost hits you but does no damage.
You closely miss Trafet's ghost.
Trafet's ghost is lightly damaged.
Trafet's ghost points at you and mumbles some strange words.
The flame tongue hits you!
* * * LOW HITPOINT WARNING * * *
You miss Trafet's ghost.
Trafet's ghost is lightly damaged.
Trafet's ghost hits you.
* * * LOW HITPOINT WARNING * * *
You barely miss Trafet's ghost.
Trafet's ghost is lightly damaged.
Trafet's ghost casts a spell at you. The flame tongue misses you.
You hit Trafet's ghost.
Trafet's ghost is lightly damaged.
Trafet's ghost casts a spell at you. The flame tongue hits you!
You die...
Your body disappears without a glow.

#K##.##...##..... .
. #.......... ...
#.##...##..... ...
#.##.#....# ##. ..#
#.>.......# #.# #.#
######.#### #.# #.#
#w# #.###.# #W#
######.....###
#@###.............
#......##.......##.
##..##..##.##.##.##.
....##..##....##.##.
##.#........#.......
#.#.#..##.##.##.##.
#.#.#...........##.
#.....############.
#.....# ..


You could see a worm and Trafet's ghost.

Vanquished Creatures
  An ogre (D:1)
  Terence (D:2)
  2 adders (D:2)
  A worm (D:2)
  2 giant geckos
  8 bats
  6 hobgoblins
  2 jackals (D:1)
  2 ball pythons (D:1)
  A giant cockroach (D:1)
  A giant newt (D:1)
  8 goblins
  5 kobolds
  5 rats
  A bush (D:1)
46 creatures vanquished.

Notes
Turn   | Place    | Note
--------------------------------------------------------------
     0 | D:1      | JustSomeDude, the Naga Assassin, began the quest for the Orb.
     0 | D:1      | Reached XP level 1. HP: 19/19 MP: 1/1
   162 | D:1      | Reached skill level 6 in Stealth
   547 | D:1      | Reached XP level 2. HP: 26/26 MP: 2/2
   960 | D:1      | Noticed an ogre
   969 | D:1      | Killed an ogre
   969 | D:1      | Reached skill level 1 in Dodging
   969 | D:1      | Reached skill level 7 in Stealth
   969 | D:1      | Reached XP level 3. HP: 31/33 MP: 3/3
   969 | D:1      | Reached XP level 4. HP: 37/40 MP: 4/4
  1351 | D:2      | Found an ancient bone altar of Kikubaaqudgha.
  1398 | D:2      | Reached XP level 5. HP: 27/46 MP: 5/5
  1548 | D:2      | Noticed Terence
  1791 | D:2      | Found a sparkling altar of Nemelex Xobeh.
  1858 | D:2      | Became a worshipper of Nemelex Xobeh the Trickster
  1931 | D:2      | Received a gift from Nemelex Xobeh
  2099 | D:2      | Killed Terence
  2099 | D:2      | Reached skill level 1 in Armour
  2494 | D:3      | Noticed Trafet's ghost (average HaFE)
  2512 | D:3      | Upgraded the game from 0.16.1-11-g651b585 to 0.16.1-18-g436b03c
  2517 | D:3      | Killed from afar by Trafet's ghost

Action                   |  1- 3 |  4- 6 || total
-------------------------+-------+-------++-------
Melee: Dagger            |   316 |   173 ||   489
 Fire: Blowgun           |     5 |    12 ||    17
 Abil: Spit Poison       |     6 |     6 ||    12
Evoke: Deck              |       |     5 ||     5
  Use: Scroll            |       |     7 ||     7
 Stab: Sleeping          |     5 |     3 ||     8
       Distracted        |     1 |       ||     1
  Eat: Chunk             |     1 |     1 ||     2
       Bread ration      |       |     1 ||     1
